Map: Triton LE

Players

Dastan - Winner!

  • Race: Protoss Protoss
  • League: Grandmaster
  • Spawn Location: 5:00

Crimson

  • Race: Zerg Zerg
  • Spawn Location: 11:00

Event: NationWars 2019

VOD

Have the link to the VOD?

Description

Time

  • Played on: Sept. 28, 2019, 6:18 p.m.
  • Length: 14:02
Show
View Real Time Build Order
Export as new Build Order

Dastan Protoss - Winner!

Build Orders: 1 Gate Expand, Oracle Opening, Chargelot Immortal 

Get SALT Encoding   

  12  0:02  Probe  
  14  0:14  Probe  
  14  0:19  Pylon  
  14  0:26  Probe (Chrono Boost)  
  15  0:39  Probe (Chrono Boost)  
  15  0:40  Gateway  
  16  0:44  Probe (Chrono Boost)  
  17  0:50  Assimilator  
  17  0:54  Probe (Chrono Boost)  
  18  1:06  Probe (Chrono Boost)  
  19  1:14  Probe (Chrono Boost)  
  20  1:20  Probe  
  21  1:31  Nexus  
  21  1:43  Cybernetics Core  
  21  1:44  Probe  
  22  1:49  Assimilator  
  22  1:56  Probe  
  23  2:07  Pylon  
  23  2:22  Adept (Chrono Boost)  
  23  2:25  Probe, Warp Gate  
  26  2:31  Stargate  
  27  2:39  Probe (Chrono Boost)  
  27  2:43  Probe (Chrono Boost)  
  27  2:44  Stalker  
  30  2:53  Probe x2 (Chrono Boost)  
  30  2:58  Probe (Chrono Boost)  
  31  3:01  Probe  
  33  3:08  Gateway  
  33  3:10  Probe  
  34  3:13  Probe  
  34  3:14  Oracle (Chrono Boost)  
  38  3:22  Probe  
  38  3:25  Probe  
  40  3:28  Shield Battery  
  41  3:34  Probe  
  41  3:37  Probe  
  42  3:42  Pylon  
  42  3:44  Oracle  
  42  3:46  Probe  
  46  3:58  Twilight Council  
  46  4:00  Probe x2  
  48  4:04  Pylon  
  48  4:10  Robotics Facility  
  48  4:12  Probe  
  49  4:18  Probe  
  50  4:28  Charge (Chrono Boost)  
  50  4:30  Gateway  
  50  4:31  Gateway  
  50  4:33  Gateway  
  50  4:38  Gateway  
  50  4:39  Pylon  
  50  4:47  Zealot x2  
  54  4:54  Gateway  
  54  4:55  Warp Prism (Chrono Boost)  
  54  4:56  Gateway  
  56  5:12  Zealot x2  
  60  5:18  Pylon  
  60  5:20  Pylon  
  60  5:22  Pylon  
  57  5:38  Zealot x6  
  69  5:47  Pylon  
  69  6:02  Zealot x6  
  69  6:03  Zealot x2  
  79  6:25  Zealot x7  
  79  6:32  Immortal  
  71  6:42  Probe x2  
  71  6:52  Sentry x2, Zealot x3  
  75  6:55  Probe, Assimilator  
  75  7:00  Assimilator  
  74  7:12  Immortal (Chrono Boost)  
  74  7:13  Zealot  
  80  7:16  Sentry x3  
  86  7:23  Pylon  
  86  7:29  Sentry x2  
  90  7:30  Zealot x2  
  94  7:37  Pylon  
  94  7:41  Pylon  
  94  7:42  Observer (Chrono Boost), Zealot x3  
  101  7:50  Pylon  
  101  8:08  Zealot x6  
  113  8:15  Pylon  
  103  8:36  Immortal  
  103  8:37  Zealot x5  
  65  9:13  Immortal (Chrono Boost)  
  69  9:24  Sentry x5, Zealot x2  
  73  9:25  Zealot  
  85  9:34  Pylon  
  85  9:45  Immortal (Chrono Boost)  
  87  9:54  Sentry x2, Zealot x4  
  87  9:55  Zealot  
  101  10:13  Immortal (Chrono Boost)  
  105  10:16  Zealot x5  
  112  10:29  Pylon  
  112  10:32  Sentry x3  
  114  10:43  Pylon  
  114  10:46  Pylon, Zealot x2  
  114  10:54  Sentry  
  114  10:58  Sentry, Zealot x2  
  118  11:08  Zealot  
  118  11:09  Zealot x2  
  118  11:10  Sentry  
  118  11:30  Zealot x4  
  80  12:01  Stalker x3  
  80  12:02  Stalker x2, Warp Prism (Chrono Boost), Zealot x2  
  92  12:11  Sentry  
  94  12:22  Sentry x2  
  96  12:23  Sentry  
  96  12:27  Sentry x4  
  108  12:40  Pylon  
  108  12:50  Sentry  
  108  12:51  Sentry x3, Zealot x2  
  116  12:52  Zealot  
  116  12:54  Sentry  
  122  13:15  Zealot x3  
  110  13:26  Probe  
  97  13:30  Zealot x2  
  99  13:38  Probe  
  96  13:45  Sentry x5  
  100  13:49  Zealot  
  102  13:55  Sentry  
  102  13:56  Sentry  
Show
View Real Time Build Order
Export as new Build Order

Crimson Zerg 

Build Orders: Hatch First 

Get SALT Encoding   

  12  0:00  Drone  
  13  0:13  Overlord  
  13  0:17  Drone  
  14  0:32  Drone x2  
  16  0:48  Hatchery  
  15  0:51  Drone  
  15  0:55  Drone  
  17  0:59  Drone  
  18  1:09  Extractor  
  17  1:14  Spawning Pool  
  17  1:18  Drone  
  17  1:20  Drone  
  18  1:29  Drone  
  19  1:42  Drone  
  20  1:52  Overlord  
  20  2:01  Queen x2  
  20  2:02  Zergling x4  
  26  2:11  Metabolic Boost  
  26  2:13  Drone x2  
  28  2:25  Drone x2  
  30  2:33  Drone  
  31  2:38  Hatchery  
  31  2:42  Drone  
  31  2:50  Drone x2  
  33  2:54  Drone  
  33  2:56  Queen  
  36  2:59  Overlord  
  35  3:06  Overlord  
  35  3:09  Drone, Extractor  
  35  3:10  Drone, Extractor  
  35  3:19  Drone x2  
  40  3:20  Drone x4  
  43  3:30  Zergling x2  
  43  3:32  Zergling x2  
  45  3:40  Overlord  
  45  3:45  Overlord  
  45  3:47  Lair  
  45  3:49  Drone x3  
  45  3:51  Roach Warren, Drone x2  
  45  3:52  Drone  
  50  3:56  Spore Crawler  
  50  3:58  Spore Crawler  
  48  4:07  Spore Crawler, Drone x2  
  49  4:11  Spore Crawler, Drone x2  
  49  4:12  Drone x2  
  49  4:15  Drone  
  49  4:16  Drone  
  54  4:21  Spore Crawler  
  54  4:24  Spore Crawler  
  51  4:25  Drone  
  51  4:26  Drone x4  
  51  4:27  Queen  
  51  4:29  Drone  
  51  4:31  Extractor  
  59  4:32  Extractor  
  59  4:33  Drone  
  59  4:40  Drone x4  
  59  4:41  Queen  
  59  4:44  Drone  
  66  4:47  Overlord  
  66  4:48  Overlord  
  66  4:52  Glial Reconstitution  
  66  5:01  Overlord x2  
  66  5:05  Overlord  
  63  5:12  Drone  
  63  5:13  Drone x3  
  67  5:20  Overseer  
  67  5:22  Roach x4  
  67  5:26  Extractor  
  67  5:28  Roach x2  
  78  5:30  Roach x2  
  82  5:39  Drone x3  
  87  5:43  Roach x2  
  87  5:45  Overlord x2  
  88  5:50  Roach x3  
  88  5:54  Roach x3  
  88  5:57  Overlord  
  100  6:02  Overlord  
  100  6:08  Roach x4  
  104  6:13  Roach x2  
  104  6:15  Roach x3  
  85  6:28  Roach  
  85  6:29  Roach x2  
  85  6:32  Roach  
  83  6:42  Roach x2  
  83  6:46  Drone x2  
  83  6:47  Drone x2  
  87  6:55  Overseer  
  87  7:00  Drone  
  87  7:01  Drone x2  
  90  7:07  Queen  
  90  7:16  Roach x6  
  90  7:19  Queen  
  104  7:23  Drone x2  
  106  7:31  Overseer  
  106  7:35  Drone x6  
  112  7:41  Roach x2  
  116  7:48  Roach x2  
  120  7:54  Roach x2  
  120  7:57  Queen  
  125  7:59  Queen  
  125  8:02  Roach  
  129  8:07  Overlord x2  
  129  8:17  Overlord x2  
  131  8:20  Roach x3  
  135  8:34  Roach x6  
  127  8:41  Roach x2  
  124  8:52  Roach  
  124  8:53  Roach x4  
  123  9:02  Roach x4  
  121  9:04  Drone x2  
  121  9:06  Drone  
  117  9:17  Roach x4  
  117  9:20  Drone  
  121  9:27  Spore Crawler, Drone x2  
  121  9:30  Ravager x3  
  126  9:31  Ravager  
  126  9:33  Drone  
  126  9:36  Overlord  
  127  9:44  Roach x2  
  121  9:49  Roach  
  121  9:52  Roach x2  
  127  10:00  Drone x2  
  127  10:01  Drone x2  
  127  10:04  Roach  
  127  10:06  Roach  
  135  10:08  Roach  
  135  10:12  Overlord  
  137  10:20  Roach x3  
  143  10:24  Roach  
  143  10:27  Roach  
  147  10:29  Roach  
  147  10:33  Roach  
  145  10:50  Roach  
  145  10:51  Roach x6  
  145  10:55  Roach x2  
  147  11:00  Roach x2  
  147  11:04  Roach  
  147  11:08  Roach x2  
  143  11:14  Roach x2  
  143  11:16  Ravager  
  136  11:29  Roach  
  136  11:30  Roach x4  
  125  11:48  Roach x5  
  115  11:57  Roach x5  
  109  12:01  Roach  
  109  12:09  Roach x2  
  109  12:12  Roach  
  115  12:16  Roach  
  115  12:19  Roach  
  119  12:23  Queen  
  119  12:25  Roach  
  119  12:26  Roach  
  125  12:34  Zergling x2  
  125  12:35  Zergling x4  
  128  12:37  Zergling x6  
  128  12:40  Zergling x2  
  128  12:41  Ravager  
  128  12:42  Ravager  
  134  12:44  Zergling x2  
  134  12:46  Ravager  
  134  12:49  Zergling x2  
  137  12:53  Zergling x4  
  139  12:58  Ravager  
  139  13:00  Zergling x2  
  139  13:03  Zergling x2  
  142  13:06  Zergling x10  
  140  13:14  Roach  
  140  13:15  Roach  
  111  13:24  Zergling x2  
  111  13:25  Zergling x2  
  90  13:27  Roach  
  90  13:30  Roach  
  87  13:35  Roach x3  
  80  13:41  Roach  
  80  13:42  Roach x3  
  78  13:53  Ravager  
Tags
 
Add a new tag
Caveats
  • Supply blocks, unpowered buildings, or Contaminate may cause inaccurate times.
  • Supply counts are checked every 10 seconds.